 Dungeon Crawl Stone Soup version 0.28-a0-1429-gf3d713df7a (webtiles) character file.

Game seed: 2436462629320725158

322 freelancePsychic the Caller (level 6, -11/47 HPs)
             Began as a Barachi Summoner on Jan 8, 2022.
             Killed from afar by Ijyb (19 damage)
             ... with a bolt of acid
             ... on level 4 of the Dungeon.
             The game lasted 00:08:35 (3921 turns).

freelancePsychic the Caller (Barachi Summoner)      Turns: 3921, Time: 00:08:36

Health: -11/47     AC:  2    Str:  9    XL:     6   Next: 47%
Magic:  6/11       EV: 12    Int: 17    God:
Gold:   120        SH:  0    Dex: 19    Spells: 1/12 levels left

rFire   . . .      SeeInvis .   c - +0 spear
rCold   . . .      Faith    .   g - orb {*Rage}
rNeg    . . .      Spirit   .   a - +0 robe
rPois   .          Reflect  .   (no helmet)
rElec   .          Harm     .   (no cloak)
rCorr   .          Rampage  .   (no gloves)
Will    .....      Rage     20% (no boots)
Stlth   ++........              (no amulet)
HPRegen 0.15/turn               f - ring of wizardry
MPRegen 0.12/turn               i - +6 ring of dexterity

@: invisible, slow
A: amphibious, slowness 1, strong legs 1, +LOS
a: Hop


You were on level 4 of the Dungeon.
You visited 1 branch of the dungeon, and saw 4 of its levels.

You collected 120 gold pieces.

Inventory:

Hand Weapons
 b - a +4 dagger
 c - a +0 spear (weapon)
Armour
 a - a +0 robe (worn)
 g - an orb of wrath (worn)
Jewellery
 f - a ring of wizardry (left hand)
 i - a +6 ring of dexterity (right hand)
Scrolls
 h - a scroll of blinking {unknown}
 j - a scroll of holy word {unknown}
 k - a scroll of amnesia {unknown}


   Skills:
 + Level 3.0 Fighting
 - Level 2.1 Dodging
 - Level 1.7 Stealth
 + Level 3.9 Spellcasting
 - Level 0.5 Hexes
 - Level 5.7 Summonings
 + Level 2.5 Transmutations
 + Level 2.6 Air Magic


You had one spell level left.
You knew the following spells:

 Your Spells              Type           Power      Damage    Failure   Level
a - Summon Small Mammal   Summ           92%        N/A       1%          1
b - Call Canine Familiar  Summ           23%        N/A       1%          3
c - Summon Guardian Gole  Hex/Summ       14%        N/A       5%          3
d - Summon Lightning Spi  Summ/Air       17%        N/A       12%         4

Your spell library contained the following spells:

 Spells                   Type           Power      Damage    Failure   Level
 Sting                    Tmut/Pois      28%        1d4       4%          1
 Call Imp                 Summ           23%        N/A       1%          2
 Poisonous Vapours        Pois/Air       14%        N/A       6%          2
 Olgreb's Toxic Radiance  Pois           3%         N/A       52%         4


Dungeon Overview and Level Annotations

Branches:
Dungeon (4/15)
 Temple: D:4-7

Altars:
Xom

Shops:
D:2 :

Annotations:
D:3 Sigmund
D:4 Ijyb


Innate Abilities, Weirdness & Mutations

You are amphibious.
You cover ground slowly.
You can hop short distances.
You have an extended range of vision and can be seen from far away.


Message History

Ijyb the Twisted Goblin comes into view.
She is wielding a +0 dagger, wearing a +0 scale mail of fire resistance and carrying a wand of acid (8).
Your hound barely misses the orc.
Ijyb shouts!
The orc curses noisily.
The orc barely misses your hound.
Your hound bites the orc.
Your hound bites the orc.
The orc misses your hound.
Your hound bites the orc.
The orc dies!
What are your orders? t - Croak!
Orders for allies: a - Attack new target. r - Retreat! s - Stop attacking. g - Guard the area. f - Follow me.
Anything else - Cancel.
Gang up on whom?
Press: ? - help, Dir - move target, f - Ijyb
Aim: Ijyb, wielding a +0 dagger, wearing a +0 scale mail of fire resistance and carrying a wand of acid (8) (ally target) Attack!
Ijyb zaps a wand.
The bolt of acid misses you.
You aren't carrying any items that you can evoke.
Your hound closely misses Ijyb.
Ijyb zaps a wand.
The bolt of acid hits you!!
Ouch! That really hurt!
* * * LOW HITPOINT WARNING * * *
Your hound barely misses Ijyb.
Okay, then.
It was a potion of invisibility.
You fade into invisibility!
Your hound bites Ijyb but does no damage.
Your hound barely misses Ijyb.
As you read the scroll labelled VOACIH YHIY, it crumbles to dust.
Your body is wracked with pain!
* * * LOW HITPOINT WARNING * * *
Ijyb convulses!
Your hound convulses!
It was a scroll of torment.
Ijyb zaps a wand.
The bolt of acid hits you!!
You die...

###############
#.............#
#.###########.# #.# #.#
#.# #.#
#.###########.#####
#.#.....#.........#
.......##.##......#
###.#..#........@.#
#.#..#...........).....
#.#..#...###.......[...
#.#..#...#.g...........
#.#..#...#.9h......##..
#.#..#...#.#...........
#.#...........#....#..
#.##.......#..#....#...
#.##...................


You could see Ijyb (ally target), a friendly guardian golem (summoned) and a
friendly hound (summoned, sheltered).

Vanquished Creatures
  A hound (D:4)
  2 iguanas (D:3)
  An orc wizard (D:4)
  2 adders (D:2)
  6 orcs
  A ball python (D:1)
  5 bats
  An endoplasm (D:3)
  A goblin (D:1)
  A jackal (D:4)
  2 quokkas (D:1)
  3 kobolds
  3 rats
29 creatures vanquished.

Vanquished Creatures (collateral kills)
  An orc wizard (D:3)
  2 adders
  A worm (D:2)
  8 orcs
  3 bats (D:2)
  4 endoplasms
  3 giant cockroaches
  2 goblins
  4 hobgoblins
  6 jackals
  A quokka (D:1)
  2 ball pythons
  A frilled lizard (D:2)
  6 kobolds
  2 rats (D:2)
46 creatures vanquished.

Vanquished Creatures (others)
  A scorpion (D:4)
  An endoplasm (D:4)
2 creatures vanquished.

Grand Total: 77 creatures vanquished

Notes
Turn   | Place    | Note
-------+----------+-------------------------------------------
     0 | D:1      | freelancePsychic the Barachi Summoner began the quest for
                  | the Orb.
     0 | D:1      | Reached XP level 1. HP: 13/13 MP: 3/3
   276 | D:1      | Reached skill level 5 in Summonings
   612 | D:1      | Reached XP level 2. HP: 18/19 MP: 5/5
  1304 | D:2      | Reached XP level 3. HP: 24/24 MP: 7/7
  1402 | D:2      | Learned a level 3 spell: Call Canine Familiar
  1406 | D:2      | Learned a level 3 spell: Summon Guardian Golem
  1916 | D:2      | Found a shimmering altar of Xom.
  2011 | D:2      | Found Nehinaj's Book Shoppe.
  2194 | D:2      | Reached XP level 4. HP: 31/31 MP: 4/8
  2240 | D:2      | Reached skill level 1 in Fighting
  2852 | D:3      | Reached skill level 1 in Transmutations
  2852 | D:3      | Reached skill level 1 in Air Magic
  2945 | D:3      | Noticed Sigmund
  3042 | D:3      | Reached XP level 5. HP: 33/38 MP: 4/9
  3425 | D:3      | Found a faded altar of an unknown god.
  3756 | D:4      | Reached XP level 6. HP: 46/46 MP: 4/11
  3863 | D:3      | Learned a level 4 spell: Summon Lightning Spire
  3913 | D:4      | Noticed Ijyb
  3921 | D:4      | Killed from afar by Ijyb

Illustrated notes

Levels and vault maps discovered:
D:1:      dpeg_arrival_three_bigger_balls, layout_basic, serial_glass,
          glass_columns_a, glass_columns_c, amcnicky_mini_corridor_feature,
          hangedman_decor_push, minmay_crystal_room, st_stairs_9
D:2:      layout_basic, basic_altar, serial_shops,
          nicolae_shop_competitors_out_of_business
D:3:      layout_rooms, shapermc_ecumenical_altar_petra, uniq_sigmund
D:4:      layout_basic, minitemple, minmay_temple_entry_statues_pillars,
          uniq_ijyb, uniq_eustachio

Skill      XL: |  1  2  3  4  5  6 |
---------------+-------------------+-----
Summonings     | 5 |  5.7
Fighting       | 1 2 3 |  3.0
Spellcasting   | 3 |  3.9
Transmutations | 1 2 |  2.5
Air Magic      | 1 2 |  2.6
Dodging        | |  2.1
Stealth        | |  1.7
Hexes          | |  0.5

Action                   |  1- 3 |  4- 6 || total
-------------------------+-------+-------++-------
Melee: Spear             |    77 |    51 ||   128
       Unarmed           |     1 |       ||     1
 Cast: Summon Small Mamm |    22 |     9 ||    31
       Call Canine Famil |     8 |    17 ||    25
       Summon Guardian G |       |     2 ||     2
  Use: Scroll            |       |     2 ||     2
       Potion            |       |     1 ||     1
 Stab: Sleeping          |       |     2 ||     2
       Distracted        |       |     1 ||     1
Armor: Robe              |    14 |     5 ||    19
Dodge: Dodged            |    48 |    34 ||    82

Table legend: (Time is in decaauts)
 A = Elapsed time spent in this place.
 B = Non-inter-level travel time spent in this place.
 C = Inter-level travel time spent in this place.
 D = Time resting spent in this place.
 E = Time spent auto-exploring this place.
 F = Levels seen in this place.
 G = Mean time per level.
                   A        B        C        D        E       F      G
               +--------+--------+--------+--------+--------+-----+--------+
         Total |   4371 |   4239 |    132 |    335 |   3195 |   4 | 1092.8 |
       Dungeon |   4371 |   4239 |    132 |    335 |   3195 |   4 | 1092.8 |
               +--------+--------+--------+--------+--------+-----+--------+

Top non-repeatable levels by time:
     D:2: 1721 daAuts
     D:1: 1359 daAuts
     D:3: 1077 daAuts
     D:4: 213 daAuts
